 Dungeon Crawl Stone Soup version 0.29-a0-320-g9f8742066b (webtiles) character file.

Game seed: 5111396056745280547

135 sokol815 the Poker (level 5, 0/24 (26) HPs)
             Began as a Vine Stalker Gladiator on Apr 2, 2022.
             Was a Believer of Dithmenos.
             Slain by a wight
             ... wielding a +0 battleaxe
              (13 damage)
             ... on level 3 of the Dungeon.
             The game lasted 00:04:21 (2054 turns).

sokol815 the Poker (Vine Stalker Gladiator)         Turns: 2054, Time: 00:04:22

HP:   0/24 (26)     AC:  7    Str: 17    XL:     5   Next: 18%
MP:   0/6           EV: 14    Int: 10    God:    Dithmenos [**....]
Gold: 90            SH:  0    Dex: 15    Spells: 4/4 levels left

rFire   . . .      SeeInvis .   a - +0 trident
rCold   . . .      Faith    .   (no shield)
rNeg    . . .      Spirit   +   k - +0 scale mail
rPois   .          Reflect  .   c - +0 helmet
rElec   .          Harm     .   (no cloak)
rCorr   .          Rampage  .   (no gloves)
Will    .....                   (no boots)
Stlth   ..........              j - amulet of regeneration
HPRegen 1.68/turn               E - +4 ring of evasion
MPRegen 0.10/turn               (no ring)

@: wreathed by umbra, drained
A: fangs 2, regeneration 1, magic shield, antimagic bite, no potion heal 2
a: Renounce Religion, Shadow Step


You were on level 3 of the Dungeon.
You worshipped Dithmenos.
Dithmenos was pleased with you.
You visited 1 branch of the dungeon, and saw 3 of its levels.

You collected 90 gold pieces.

Inventory:

Hand Weapons
 a - a +0 trident (weapon)
 n - a +0 morningstar
   (You found it on level 1 of the Dungeon)
Missiles
 d - 3 throwing nets {!d}
 e - a javelin
 q - 6 poisoned darts
 s - 72 stones
Armour
 b - a +0 leather armour
 c - a +0 helmet (worn)
 g - a +0 ring mail
   (You found it on level 1 of the Dungeon)
 k - a +0 scale mail (worn)
   (You found it on level 1 of the Dungeon)
Magical Staves
 f - a staff of cold {rC+}
   (You found it on level 2 of the Dungeon)
Jewellery
 j - an amulet of regeneration (around neck)
   (You found it on level 1 of the Dungeon)
 E - a +4 ring of evasion (left hand)
   (You found it on level 3 of the Dungeon)
Scrolls
 Y - a scroll of teleportation {@r3}
Potions
 h - 2 potions of heal wounds {unknown}
 B - a potion of brilliance
 H - a potion of haste
 J - 2 potions of curing {@q1}


   Skills:
 - Level 1.7 Fighting
 + Level 5.2 Polearms
 - Level 1.7 Throwing
 - Level 2.4 Dodging


You had 4 spell levels left.
You didn't know any spells.
Your spell library contained the following spells:

 Spells                   Type           Power      Damage    Failure   Level
 Beastly Appendage        Tmut           0%         N/A       80%         1
 Summon Small Mammal      Summ           0%         N/A       80%         1
 Wereblood                Tmut           0%         N/A       91%         2
 Call Canine Familiar     Summ           0%         N/A       99%         3
 Spider Form              Tmut/Pois      0%         N/A       99%         3
 Summon Guardian Golem    Hex/Summ       0%         N/A       99%         3


Dungeon Overview and Level Annotations

Branches:
Dungeon (3/15)

Altars:
Dithmenos


Innate Abilities, Weirdness & Mutations

You have extremely sharp teeth.
Your natural rate of healing is unusually fast.
When hurt, damage is shared between your health and your magic reserves.
Your bite disrupts and absorbs the magic of your enemies.
Potions cannot restore your health.


Message History

You enter the shallow water.
Moving in this stuff is going to be slow.
There is an open door here.
Found a stone staircase leading up.
Found an escape hatch in the floor.
Natasha, Servant of Life and Death comes into view.
Natasha hisses angrily.
Natasha closely misses you.
You puncture Natasha! Natasha closely misses you.
You closely miss Natasha. Natasha barely misses you.
You completely miss Natasha.
Natasha stares at you and mumbles some strange words.
The magic dart hits you.
You take 2 damage, and have 21/23 hp.
You miss Natasha. You bite Natasha.
Natasha's magic leaks into the air.
You drain her magic. Natasha completely misses you.
Health restored: 23 You puncture Natasha!
You kill Natasha!
Dithmenos accepts your kill.
Natasha growls in agony!
No target in view!
No target in view!
You now have 83 gold pieces (gained 19).
Found two stone staircases leading down.
No target in view!
You now have 90 gold pieces (gained 7).
An iguana comes into view.
The iguana hisses angrily.
You reach to attack!
You hit the iguana. You closely miss the iguana. The iguana bites you!
You take 6 damage, and have 17/23 hp.
MASSIVE DAMAGE!!
You now have 3/5 mp.
You barely miss the iguana. You bite the iguana, but do no damage.
The iguana bites you but does no damage.
You regained 2 hp, and now have 19/23 hp.
You barely miss the iguana. You bite the iguana, but do no damage.
The iguana closely misses you.
You regained 2 hp, and now have 21/23 hp.
You hit the iguana but do no damage. The iguana barely misses you.
The iguana completely misses you.
You barely miss the iguana. You bite the iguana. You drain its power.
You feel invigorated. The iguana closely misses you.
Health restored: 23; MP restored: 5 You barely miss the iguana.
You bite the iguana. You drain its power. The iguana bites you!
You take 7 damage, and have 16/23 hp.
MASSIVE DAMAGE!!
You now have 4/5 mp.
You hit the iguana.
The iguana bites you but does no damage.
You regained 2 hp, and now have 18/23 hp.
You hit the iguana but do no damage.
The iguana bites you but does no damage.
You hit the iguana but do no damage. Your bite misses the iguana.
The iguana barely misses you.
You regained 2 hp, and now have 21/23 hp.
You hit the iguana but do no damage. You bite the iguana, but do no damage.
The iguana closely misses you.
Health restored: 23 You puncture the iguana!
You kill the iguana!
Dithmenos accepts your kill.
Your Polearms skill increases to level 5!
You have reached level 5!
Health restored: 26
There is a stone staircase leading down here.
An orc comes into view. It is wielding a +0 dagger.
The orc shouts!
MP restored: 6 You reach to attack!
You hit the orc. You barely miss the orc. The orc barely misses you.
You barely miss the orc. Your bite misses the orc. The orc barely misses you.
You hit the orc. The orc barely misses you.
You hit the orc.
You kill the orc!
Dithmenos accepts your kill.
No target in view!
No target in view!
E - a +4 ring of evasion
E - a +4 ring of evasion (left hand) 3 wights come into view.
A wight and a giant cockroach come into view.
You hit the wight but do no damage. Your bite misses the wight.
The wight hits you with a +0 battleaxe!
You take 11 damage, and have 15/26 hp.
MASSIVE DAMAGE!!
You now have 4/6 mp.
You completely miss the wight. You bite the wight, but do no damage.
The wight hits you with a +0 battleaxe!
You feel drained.
You take 7 damage, and have 8/24 hp.
MASSIVE DAMAGE!!
You now have 3/6 mp.
You regained 2 hp, and now have 10/24 hp.
You regained 2 hp, and now have 12/24 hp.
The wight attacks as you move away! The wight hits you with a +0 battleaxe!
Ouch! That really hurt!
You die...

#..# #.#.. ####..#######
#.#..
##.......)...###.†..
######..###.#.###....>.[.
.........# #.#.#
#.###....
.........###.#.###.#
##...
.#####.#.....#.....##
#...
#...#########..###.##
#...@z.B#..........##
#...###.#.###.#....##
#...# #.# #?#....## #.#.#
#.# #........ #.#..


zzz ......).. ..... ... #......... #.#######.# ####...### .# #...# ## You could
see a wight and a giant cockroach.

Vanquished Creatures
  An iguana (D:3)
  Natasha (D:3)
  2 adders (D:2)
  2 worms (D:2)
  A dart slug (D:3)
  An orc (D:3)
  3 endoplasms
  12 giant cockroaches
  3 goblins
  8 hobgoblins
  A kobold (D:1)
  3 quokkas
  2 ball pythons (D:1)
  5 bats
  5 frilled lizards
  4 rats
54 creatures vanquished.

Notes
Turn   | Place    | Note
-------+----------+-------------------------------------------
     0 | D:1      | sokol815 the Vine Stalker Gladiator began the quest for the
                  | Orb.
     0 | D:1      | Reached XP level 1. HP: 11/11 MP: 2/2
   402 | D:1      | Reached skill level 3 in Polearms
   502 | D:1      | Reached XP level 2. HP: 15/15 MP: 3/3
   561 | D:1      | Found a faded altar of an unknown god.
   565 | D:1      | Prayed at the altar of an unknown god.
   565 | D:1      | Became a worshipper of Dithmenos the Shadowed
   565 | D:1      | Reached * piety under Dithmenos
  1186 | D:2      | Reached XP level 3. HP: 18/18 MP: 2/4
  1255 | D:2      | Reached skill level 4 in Polearms
  1454 | D:2      | Gained mutation: Your natural rate of healing is unusually
                  | fast. [Vine Stalker growth]
  1454 | D:2      | Reached XP level 4. HP: 19/23 MP: 2/5
  1811 | D:3      | Reached ** piety under Dithmenos
  1947 | D:3      | Noticed Natasha
  1953 | D:3      | Killed Natasha
  1987 | D:3      | Reached skill level 5 in Polearms
  1987 | D:3      | Reached XP level 5. HP: 26/26 MP: 4/6
  2054 | D:3      | Slain by a wight

Illustrated notes

Levels and vault maps discovered:
D:1:      saegor_arrival_simple_a, layout_loops_cross,
          shapermc_ecumenical_altar_acropolis, chequers_serial_rivers_room_a
D:2:      layout_loops_cross, ebering_dispersal_statue_hall, minmay_tromino_i2
D:3:      minmay_roachtagon, layout_loops_ring,
          mainiacjoe_overflow_six_doors_small, lemuel_coloured_pillars_altar,
          kennysheep_nub, minmay_misc_feat_cross, kennysheep_nondescript,
          nrook_mini_vaults, uniq_crazy_yiuf_cottage, uniq_natasha

Skill      XL: |  1  2  3  4 |
---------------+-------------+-----
Polearms       | 3 4 5 |  5.2
Fighting       | |  1.7
Throwing       | |  1.7
Dodging        | |  2.4

Action                   |  1- 3 |  4- 6 || total
-------------------------+-------+-------++-------
Melee: Trident           |    97 |    66 ||   163
       Bite              |    17 |    15 ||    32
Throw: Javelin           |     1 |       ||     1
  Use: Scroll            |     7 |       ||     7
Armor: Ring mail         |    10 |       ||    10
       Scale mail        |    24 |    22 ||    46
Dodge: Dodged            |    48 |    28 ||    76

Table legend: (Time is in decaauts)
 A = Elapsed time spent in this place.
 B = Non-inter-level travel time spent in this place.
 C = Inter-level travel time spent in this place.
 D = Time resting spent in this place.
 E = Time spent auto-exploring this place.
 F = Levels seen in this place.
 G = Mean time per level.
                   A        B        C        D        E       F      G
               +--------+--------+--------+--------+--------+-----+--------+
         Total |   2071 |   1975 |     96 |    201 |   1414 |   3 |  690.3 |
       Dungeon |   2071 |   1975 |     96 |    201 |   1414 |   3 |  690.3 |
               +--------+--------+--------+--------+--------+-----+--------+

Top non-repeatable levels by time:
     D:1: 988 daAuts
     D:2: 745 daAuts
     D:3: 338 daAuts

Table legend:
 A = Kills in this place as a percentage of kills in entire the game.
 B = Kills by you in this place as a percentage of kills by you in the entire game.
 C = Kills by friends in this place as a percentage of kills by friends in the entire game.
 D = Other kills in this place as a percentage of other kills in the entire game.
 E = Experience gained in this place as a percentage of experience gained in the entire game.
 F = Experience gained in this place divided by the number of levels of this place that you have seen.
                   A       B       C       D       E      F
               +-------+-------+-------+-------+-------+----------------------
         Total | 100.0 | 100.0 |   N/A |   N/A | 100.0 |  64.7
       Dungeon | 100.0 | 100.0 |   N/A |   N/A | 100.0 |  64.7
               +-------+-------+-------+-------+-------+----------------------
